 Dungeon Crawl Stone Soup version 0.31-a0-1-g4198be8af4 (webtiles) character file.

Game seed: 2285165826834678508

643 ryw the Covered (level 7, -6/55 HPs)
             Began as a Mummy Fighter on May 1, 2023.
             Mangled by a shadow (22 damage)
             ... on level 5 of the Dungeon.
             The game lasted 00:10:00 (4886 turns).

ryw the Covered (Mummy Fighter)                     Turns: 4886, Time: 00:10:01

Health: -6/55      AC: 15    Str: 22    XL:     7   Next: 26%
Magic:  7/7        EV:  9    Int:  7    God:
Gold:   186        SH:  5    Dex: 17    Spells: 6/6 levels left

rFire   x . .        o - +2 mace (protect)
rCold   + + .        c - +0 buckler
rNeg    + + +        b - +0 scale mail
rPois   ∞            m - +0 helmet
rElec   .            (no cloak)
rCorr   .            (no gloves)
SInv    .            (no boots)
Will    .....        (no amulet) Stlth
                     g - +6 ring of dexterity
HPRegen 0.29/turn    i - ring of protection from cold
MPRegen 0.10/turn

%: faith
@: about to teleport, under a protective aura, studying Armour
A: cold resistance 1, negative energy resistance 3, torment resistance 2, heat
vulnerability 1, in touch with death 1, no potions, faith
a: no special abilities


You were on level 5 of the Dungeon.
You visited 1 branch of the dungeon, and saw 5 of its levels.

You collected 186 gold pieces.

Inventory:

Hand Weapons
 a - a +0 flail
 o - a +2 mace of protection (weapon)
Missiles
 n - 8 boomerangs (quivered)
 r - 4 poisoned darts
Armour
 b - a +0 scale mail (worn)
 c - a +0 buckler (worn)
 m - a +0 helmet (worn)
Jewellery
 g - a +6 ring of dexterity (left hand)
 i - a ring of protection from cold (right hand)
 t - a ring of protection from fire
 u - a ring of magical power
Wands
 l - a wand of paralysis (6)
 s - a wand of digging (7)
 w - a wand of polymorph (3)
Scrolls
 d - 2 scrolls of blinking
 e - 2 scrolls of magic mapping
 f - 3 scrolls of teleportation
 h - 2 scrolls of fog
 j - a scroll of silence
 k - 2 scrolls of noise
 p - a scroll of amnesia
 q - a scroll of immolation
 v - a scroll of enchant weapon
 x - 2 scrolls of summoning


   Skills:
 + Level 4.5 Fighting
 * Level 4.4 Maces & Flails
 + Level 4.7 Armour
 + Level 3.8 Shields


You had 6 spell levels left.
You didn't know any spells.
Your spell library contained the following spells:

 Spells                   Type           Power      Damage    Failure   Level
 Freeze                   Ice            0%         1d3       82%         1
 Frozen Ramparts          Ice            0%         1d1       99%         3
 Hailstorm                Conj/Ice       0%         3d3       99%         3


Dungeon Overview and Level Annotations

Branches:
Dungeon (5/15)
 Temple: D:4-7

Altars:
Kikubaaqudgha

Annotations:
D:3 Sigmund
D:4 Blork the orc


Innate Abilities, Weirdness & Mutations

You are immune to poison.
Your flesh is cold resistant. (rC+)
You are immune to negative energy. (rN+++)
You are immune to unholy pain and torment.
You are vulnerable to heat. (rF-)
You are in touch with the powers of death.
You do not drink.
You have a special connection with the divine. (Faith)


Message History

Press: ? - help, Q - select action, (/) - cycle Shift-Dir - straight line, f/p - shadow
Aim: a shadow (62% to hit)
You throw a boomerang.
The boomerang closely misses the shadow.
Throw: 8 boomerangs
Press: ? - help, Q - select action, (/) - cycle Shift-Dir - straight line, f/p - shadow
Aim: a shadow (62% to hit)
You throw a boomerang.
The boomerang hits the shadow but does no damage.
The shadow slips into darkness.
The shadow flickers and vanishes!
Deactivating autopickup; reactivate with Ctrl-A.
Throw: 8 boomerangs
Press: ? - help, Q - select action, (/) - cycle Shift-Dir - straight line, f - you Really target yourself?
Okay, then.
Unknown command.
The shadow strikes at you from the darkness!
Reactivating autopickup.
The shadow attacks as you move away! The shadow barely misses you.
The shadow slips into darkness.
The shadow flickers and vanishes!
Deactivating autopickup; reactivate with Ctrl-A.
The shadow strikes at you from the darkness!
Reactivating autopickup.
You hit the shadow but do no damage.
Your weapon exudes an aura of protection.
The shadow hits you.
You hit the shadow but do no damage. The shadow hits you!
* * * LOW HITPOINT WARNING * * *
You hit the shadow but do no damage. The shadow closely misses you.
You hit the shadow.
The shadow is lightly damaged.
The shadow slips into darkness.
The shadow flickers and vanishes!
Deactivating autopickup; reactivate with Ctrl-A.
As you read the scroll of teleportation, it crumbles to dust.
You feel strangely unstable.
The shadow strikes at you from the darkness!
You die...

# #######.# #.# #..... #
#.....#.## #.# #####. #
#.###..#.## #.# #. # #.###.###.##
#.# #+ ## #.##.## ##.# #.# ..
.###.##..###.## ######.# ...
..##.##...#.## #......## {...
...#.##....######.#.....####.....
...'.)..........@{.........'.....
...####...#######.#.#...####.....
..## ##.## #.#....## .... .## #.#
#.....## ... ## #.# ####.## ..
###### #.# #.# + .....# #.# #.#
#. ####.###.# #.# #. ......##.#
#.###########.


There were no monsters in sight!

Vanquished Creatures
  A water moccasin (D:5)
  An ice beast (D:5)
  A black bear (D:5)
  A scorpion (D:5)
  3 hounds
  Ijyb (D:3)
  2 iguanas
  2 orc wizards
  Robin (D:2)
  2 dart slugs
  8 orcs
  5 endoplasms
  A giant cockroach (D:1)
  16 goblins
  7 hobgoblins
  5 kobolds
  A quokka (D:2)
  9 ball pythons
  4 bats
  2 frilled lizards
  4 rats
77 creatures vanquished.

Notes
Turn   | Place    | Note
-------+----------+-------------------------------------------
     0 | D:1      | ryw the Mummy Fighter began the quest for the Orb.
     0 | D:1      | Reached XP level 1. HP: 18/18 MP: 1/1
   154 | D:1      | Reached XP level 2. HP: 24/24 MP: 2/2
   712 | D:1      | Identified a scroll of acquirement
   714 | D:1      | Acquired a manual of Armour
   720 | D:2      | Noticed Robin
   862 | D:2      | Gained mutation: You are in touch with the powers of death.
                  | [Mummy growth]
   862 | D:2      | Reached XP level 3. HP: 29/29 MP: 3/3
  1448 | D:2      | Killed Robin
  1745 | D:2      | Reached XP level 4. HP: 22/35 MP: 4/4
  2228 | D:3      | Found a faded altar of an unknown god.
  2267 | D:3      | Noticed Sigmund
  3151 | D:3      | Noticed Ijyb
  3162 | D:3      | Killed Ijyb
  3163 | D:3      | Reached XP level 5. HP: 42/42 MP: 5/5
  3626 | D:4      | Found an ancient bone altar of Kikubaaqudgha.
  3658 | D:4      | Noticed Blork the orc
  4096 | D:5      | Entered Level 5 of the Dungeon
  4096 | D:5      | Noticed an ice beast
  4112 | D:5      | Killed an ice beast
  4113 | D:5      | Reached XP level 6. HP: 36/48 MP: 6/6
  4221 | D:5      | Noticed a water moccasin
  4229 | D:5      | Killed a water moccasin
  4370 | D:5      | Reached XP level 7. HP: 55/55 MP: 7/7
  4868 | D:5      | Noticed a shadow
  4886 | D:5      | Mangled by a shadow

Illustrated notes

Levels and vault maps discovered:
D:1:      spicycebolla_green_bress_n_ham, layout_basic
D:2:      layout_rooms, due_unseen_surprise, uniq_robin
D:3:      layout_loops_ring, chequers_ecumenical_altar_twisty,
          grunt_decor_arrowhead, uniq_sigmund, uniq_ijyb
D:4:      layout_layer_cave, mainiacjoe_overflow_paths, uniq_blork_the_orc
D:5:      layout_loops_corners

Skill      XL: |  1  2  3  4  5  6 |
---------------+-------------------+-----
Maces & Flails | 2 3 4 |  4.4
Armour         | 3 4 |  4.7
Shields        | 3 |  3.8
Fighting       | 4 |  4.5

Action                     |  1- 3 |  4- 6 |  7- 9 || total
---------------------------+-------+-------+-------++-------
  Melee: Flail             |   158 |    20 |       ||   178
         Mace              |       |    87 |    30 ||   117
  Throw: Boomerang         |       |     5 |     3 ||     8
    Use: Scroll            |     6 |     7 |     1 ||    14
 Armour: Scale mail        |   108 |    57 |    11 ||   176
  Dodge: Dodged            |   103 |    54 |    14 ||   171
  Block: Buckler           |    54 |    35 |     1 ||    90

Table legend: (Time is in decaauts)
 A = Elapsed time spent in this place.
 B = Non-inter-level travel time spent in this place.
 C = Inter-level travel time spent in this place.
 D = Time resting spent in this place.
 E = Time spent auto-exploring this place.
 F = Levels seen in this place.
 G = Mean time per level.
                   A        B        C        D        E       F      G
               +--------+--------+--------+--------+--------+-----+--------+
         Total |   4988 |   4495 |    493 |    577 |   2461 |   5 |  997.6 |
       Dungeon |   4988 |   4495 |    493 |    577 |   2461 |   5 |  997.6 |
               +--------+--------+--------+--------+--------+-----+--------+

Top non-repeatable levels by time:
     D:3: 1302 daAuts
     D:2: 1109 daAuts
     D:1: 972 daAuts
     D:5: 804 daAuts
     D:4: 800 daAuts
